 Dungeon Sprint DCSS version 0.30-a0-509-gd016549fea (webtiles) character file.

Game seed: 16916507829996393882

1234 rocky1 the Spear-Bearer (level 8, -4/112 HPs)
             Began as a Minotaur Gladiator on Dec 22, 2022.
             Was an Initiate of Gozag.
             Slain by Snorg (10 damage)
             ... in the Dungeon (Sprint III: "The Ten Rune Challenge") on Dec 23, 2022.
             The game lasted 00:03:32 (1410 turns).

rocky1 the Spear-Bearer (Minotaur Gladiator)        Turns: 1410, Time: 00:03:32

Health: -4/112     AC:  4    Str: 21    XL:     8   Next: 24%
Magic:  7/7        EV: 16    Int:  5    God:    Gozag
Gold:   668        SH:  0    Dex: 12    Spells: 1/7 levels left

rFire   . . .      SeeInvis .    a - +0 trident
rCold   . . .      Faith    .    (no shield)
rNeg    . . .      Spirit   .    b - +0 leather armour
rPois   .          Reflect  .    c - +0 hat
rElec   .          Harm     .    (no cloak)
rCorr   .          Rampage  .    (no gloves)
Will    .....      NoTele   +    (no boots)
Stlth   ..........               (no amulet)
HPRegen 0.38/turn                (no ring)
MPRegen 0.10/turn                (no ring)

@: berserking, very quick
A: horns 2, retaliatory headbutt
a: Renounce Religion, Potion Petition, Call Merchant, Bribe Branch


You were in the Dungeon.
You worshipped Gozag.
Gozag was pleased with you.
You visited 1 branch You collected 668 gold pieces.

Inventory:

Hand Weapons
 a - a +0 trident (weapon)
Missiles
 d - 3 throwing nets (quivered)
 e - a javelin
Armour
 b - a +0 leather armour (worn)
 c - a +0 hat (worn)
Scrolls
 l - a scroll of amnesia {unknown}
 m - a scroll of torment {unknown}
 n - 3 scrolls of identify
 p - a scroll of poison {unknown}
Potions
 f - 3 potions of curing
 g - a potion of heal wounds
 h - a potion of haste
 i - 2 potions of magic
 o - 3 potions of flight
 q - 6 potions of mutation


   Skills:
 + Level 8.5 Fighting
 + Level 14.2 Polearms
 - Level 4.6 Throwing
 + Level 7.9 Armour
 + Level 10.8 Dodging
 + Level 0.9 Stealth


You had one spell level left.
You knew the following spells:

 Your Spells              Type           Power      Damage    Failure   Level
a - Blink                 Tloc           0%         N/A       65%         2
b - Manifold Assault      Tloc           0%         N/A       99%         4

Your spell library contained the following spells:

 Spells                   Type           Power      Damage    Failure   Level
 Storm Form               Tmut/Air       0%         N/A       100%        7


Dungeon Overview and Level Annotations

Branches:
Dungeon (1/1)

Altars:
Cheibriados
Dithmenos
Elyvilon
Fedhas
Gozag
Hepliaklqana
Kikubaaqudgha
Makhleb
Nemelex Xobeh
Okawaru
Qazlal
Ru
Sif Muna
Trog
Uskayaw
Vehumet
Wu Jian
Xom
Yredelemnul
Zin
The Shining One
Jiyva
Lugonu

Annotations:
D Snorg


Innate Abilities, Weirdness & Mutations

You have a pair of horns on your head.
You reflexively headbutt those who attack you in melee.


Message History

There is a snail-covered altar of Cheibriados here.
There is a hazy altar of Hepliaklqana here.
There is an opulent altar of Gozag here.
There is a sparkling altar of Nemelex Xobeh here.
You see here a piece from Xom's chessboard (15/15).
There is an opulent altar of Gozag here.
There is a hazy altar of Hepliaklqana here.
There is a snail-covered altar of Cheibriados here.
There is a blossoming altar of Fedhas here.
There is an open door here.
You open the door.
There is an open door here.
You enter the shallow water.
Moving in this stuff is going to be slow.
Snorg the Insatiable comes into view.
Snorg shouts!
Snorg attacks as you move away! Snorg misses you. Snorg barely misses you.
Snorg claws you! Snorg bites you! Snorg closely misses you. Snorg misses you.
You hit Snorg. You headbutt Snorg.
Snorg is lightly wounded.
Snorg misses you. Snorg claws you! x2
You puncture Snorg! Your headbutt misses Snorg.
Snorg is lightly wounded.
You puncture Snorg!
Snorg is moderately wounded.
Snorg bites you. Snorg claws you. x2
* * * LOW HITPOINT WARNING * * *
A red film seems to cover your vision as you go berserk!
You feel yourself moving faster!
You feel mighty! Snorg bites you!
* * * LOW HITPOINT WARNING * * *
Snorg closely misses you. Snorg misses you.
You barely miss Snorg. Your headbutt misses Snorg.
Snorg is moderately wounded.
You puncture Snorg! You headbutt Snorg!
Snorg is heavily wounded.
Snorg bites you!
* * * LOW HITPOINT WARNING * * *
Snorg claws you!
You die...
Your body crumbles into a pile of gold.

♣.############ $ $
♣.#___#___#__#$ $$$
♣.#...#__)#._#$
♣♣.###[#'###[##
♣..#..........# $$
...'.⌠........# $ $$
$$ .♣.#...######'# $
$
...#.⌠.#__#...#+#####
...#...#__#...#§@§§§+
...#[###__#...#§#T§§#
...#...#__#...'.#§§§#
...#___#__'...#.#§§§#
▓▓▓▓▓▓▓▓▓▓▓▓▓▓▓▓▓▓▓▓▓


You could see Snorg.

Vanquished Creatures
  A deep elf pyromancer (D)
  A shadow (D)
  A spatial vortex (D)
  A necrophage (D)
  A water elemental (D)
  A jelly (D)
  A wizard (D)
  Jessica (D)
  A necromancer (D)
  3 humans (D)
  A kobold demonologist (D)
  A phantom (D)
  2 endoplasms (D)
  A rat (D)
17 creatures vanquished.

Notes
Turn   | Place    | Note
-------+----------+-------------------------------------------
     0 | D        | rocky1 the Minotaur Gladiator began the quest for the Orb.
     0 | D        | Reached XP level 1. HP: 18/18 MP: 0/0
     4 | D        | Reached skill level 4 in Polearms
    18 | D        | Noticed Jessica
    24 | D        | Killed Jessica
    25 | D        | Reached skill level 5 in Polearms
    25 | D        | Reached skill level 5 in Dodging
    25 | D        | Reached XP level 2. HP: 12/26 MP: 1/1
    25 | D        | Reached XP level 3. HP: 15/31 MP: 2/2
   126 | D        | Reached skill level 6 in Polearms
   126 | D        | Reached skill level 1 in Armour
   252 | D        | Noticed a water elemental
   257 | D        | Killed a water elemental
   258 | D        | Reached skill level 7 in Polearms
   258 | D        | Reached XP level 4. HP: 33/40 MP: 3/3
   293 | D        | Reached skill level 8 in Polearms
   293 | D        | Reached XP level 5. HP: 37/47 MP: 4/4
   329 | D        | Noticed a shadow
   339 | D        | Killed a shadow
   340 | D        | Reached skill level 5 in Fighting
   340 | D        | Reached skill level 10 in Polearms
   340 | D        | Reached XP level 6. HP: 7/56 MP: 5/5
   509 | D        | Found a blossoming altar of Fedhas.
   509 | D        | Found a stormy altar of Qazlal.
   509 | D        | Found a snail-covered altar of Cheibriados.
   509 | D        | Found a burning altar of Makhleb.
   509 | D        | Found a shimmering altar of Xom.
   510 | D        | Found a hazy altar of Hepliaklqana.
   510 | D        | Found an opulent altar of Gozag.
   510 | D        | Found a sparkling altar of Nemelex Xobeh.
   510 | D        | Found a corrupted altar of Lugonu.
   510 | D        | Found a viscous altar of Jiyva.
   510 | D        | Noticed a spatial vortex
   514 | D        | Became a worshipper of Gozag Ym Sagoz the Greedy
   530 | D        | Killed a spatial vortex
   531 | D        | Reached skill level 11 in Polearms
   531 | D        | Reached skill level 5 in Armour
   540 | D        | Found a basalt altar of Yredelemnul.
   540 | D        | Found a shadowy altar of Dithmenos.
   540 | D        | Found a sacrificial altar of Ru.
   676 | D        | Found a radiant altar of Vehumet.
   676 | D        | Found a shimmering blue altar of Sif Muna.
   676 | D        | Found an ancient bone altar of Kikubaaqudgha.
   680 | D        | Reached XP level 7. HP: 64/64 MP: 6/6
   694 | D        | Learned a level 2 spell: Blink
   699 | D        | Learned a level 4 spell: Manifold Assault
   797 | D        | Found a glowing silver altar of Zin.
   797 | D        | Found a glowing golden altar of the Shining One.
   797 | D        | Found a white marble altar of Elyvilon.
   798 | D        | Noticed a deep elf pyromancer
   799 | D        | Noticed a fire elemental
  1005 | D        | Killed a deep elf pyromancer
  1006 | D        | Reached skill level 13 in Polearms
  1006 | D        | Reached skill level 10 in Dodging
  1139 | D        | Noticed a human
  1140 | D        | Found an ornate altar of the Wu Jian Council.
  1140 | D        | Noticed a human
  1160 | D        | Killed a human
  1161 | D        | Reached XP level 8. HP: 29/74 MP: 7/7
  1170 | D        | Reached skill level 14 in Polearms
  1366 | D        | Found a hide-covered altar of Uskayaw.
  1366 | D        | Found a bloodstained altar of Trog.
  1367 | D        | Found an iron altar of Okawaru.
  1403 | D        | Noticed Snorg
  1410 | D        | Slain by Snorg

Illustrated notes

Levels and vault maps discovered:
D:        dungeon_sprint_mu [sprint_mu_entry_forest, sprint_mu_temple_rooms,
          sprint_mu_d1_horrors, sprint_mu_d2_genie, sprint_mu_d3_branching,
          sprint_mu_orc_legion, sprint_mu_elf_gauntlet, sprint_mu_hive_nellie,
          sprint_mu_lair_fedhas, sprint_mu_vaults_butterflies,
          sprint_mu_slime_circle, sprint_mu_swamp_cave, sprint_mu_shoals_archi,
          sprint_mu_blade_basic, sprint_mu_crypt_fortress,
          sprint_mu_tomb_spiral, sprint_mu_vestibule_basic,
          sprint_mu_gehenna_hellfire, sprint_mu_dis_giant,
          sprint_mu_tartarus_statrot, sprint_mu_cocytus_islands, sprint_mu_zot1]

Skill      XL: |  1  2  3  4  5  6  7  8 |
---------------+-------------------------+-----
Polearms       | 5 7 8 10 11 13 14 | 14.2
Fighting       | 3 4 5 6 8 |  8.5
Dodging        | 5 6 7 8 9 10 | 10.8
Armour         | 2 3 4 5 7 |  7.9
Throwing       | 3 4 |  4.6
Stealth        | |  0.9

Action                   |  1- 3 |  4- 6 |  7- 9 || total
-------------------------+-------+-------+-------++-------
Melee: Trident           |    26 |    34 |    52 ||   112
       Headbutt          |     2 |     4 |     7 ||    13
       Punch             |     1 |       |       ||     1
  Use: Potion            |       |       |     2 ||     2
       Scroll            |       |       |     1 ||     1
Armor: Leather armour    |     1 |     3 |     5 ||     9
Dodge: Dodged            |     7 |     3 |    24 ||    34

Table legend: (Time is in decaauts)
 A = Elapsed time spent in this place.
 B = Non-inter-level travel time spent in this place.
 C = Inter-level travel time spent in this place.
 D = Time resting spent in this place.
 E = Time spent auto-exploring this place.
 F = Levels seen in this place.
 G = Mean time per level.
                   A        B        C        D        E       F      G
               +--------+--------+--------+--------+--------+-----+--------+
         Total |   1388 |   1388 |      0 |   1007 |     13 |   1 | 1388.0 |
       Dungeon |   1388 |   1388 |      0 |   1007 |     13 |   1 | 1388.0 |
               +--------+--------+--------+--------+--------+-----+--------+

Top non-repeatable levels by time:
       D: 1388 daAuts
